AoeStats
← Beerial

Arena

510494822Analyzed
3v3 RM · 1d ago on Oct 1, 2026· 32m 56s· 6 players
Game mode
Random Map
Map size
Normal (6 player)
Population
200
Speed
Normal
Resources
Standard
Victory
Conquest
Starting age
Dark Age
Ending age
Imperial Age
RankedLock teamsTeams togetherTeam positionsShared explorationLock speedFull tech treeHidden civsTurbo modeCheats
Victory
Defeat
🇫🇷 Cumans · France
1395
+12
🇳🇨 Italians · New Caledonia
1364
+14
🇮🇳 Goths · India
1326
+15
🇪🇸 Ethiopians · Spain
1340
-15
🇪🇸 Turks · Spain
1302
-13
🇹🇷 Gurjaras · Türkiye
1287
-13
MPW_SCRaTCH
9:11 Feudal Age
12:53 Castle Age
13:20 Loom
14:32 Horse Collar
15:09 Fletching
21:41 Double-Bit Axe
22:30 Town Watch
23:55 Bodkin Arrow
29:24 Imperial Age
26:54 Stone Mining
28:33 Wheelbarrow
28:37 Masonry
30:13 Ballistics
SabahIctimasi
10:48 Feudal Age
14:55 Castle Age
12:46 Double-Bit Axe
13:03 Horse Collar
15:52 Bow Saw
16:24 Heavy Plow
20:31 Loom
23:41 Wheelbarrow
25:32 Stone Mining
26:02 Gold Mining
27:01 Hand Cart
30:40 Imperial Age
28:20 Town Watch
29:16 Gold Shaft Mining
29:18 Stone Shaft Mining
29:34 Kshatriyas
29:36 Scale Barding Armor
29:41 Forging
30:03 Bloodlines
29:53 Husbandry
31:19 Chain Barding Armor
30:43 Heavy Camel Rider
33:07 Plate Barding Armor
33:08 Iron Casting
33:16 Frontier Guards
JANO11
11:28 Feudal Age
16:13 Castle Age
15:01 Double-Bit Axe
14:58 Horse Collar
15:42 Stone Mining
17:13 Bow Saw
19:09 Loom
24:50 Wheelbarrow
25:33 Heavy Plow
26:07 Scale Mail Armor
28:10 Hand Cart
29:48 Town Watch
31:05 Fletching
31:16 Padded Archer Armor
Beerial
9:46 Feudal Age
10:19 Double-Bit Axe
10:15 Horse Collar
19:02 Castle Age
18:12 Scale Barding Armor
18:21 Bloodlines
19:29 Wheelbarrow
19:55 Bow Saw
19:47 Heavy Plow
22:18 Chain Barding Armor
23:15 Hand Cart
23:05 Light Cavalry
24:18 Forging
24:48 Loom
25:33 Gold Mining
25:49 Town Watch
25:32 Capped Ram
30:29 Imperial Age
28:58 Masonry
28:59 Careening
29:11 Ballistics
29:48 Iron Casting
30:34 Gold Shaft Mining
29:50 Stone Mining
30:49 Fletching
31:33 Conscription
32:17 Chemistry
30:53 Elite Steppe Lancer
31:14 Siege Ram
31:19 Siege Ram
32:37 Bodkin Arrow
33:17 Plate Barding Armor
SySeN_
10:33 Feudal Age
9:13 Loom
14:26 Castle Age
17:41 Fletching
17:38 Horse Collar
19:41 Padded Archer Armor
25:56 Imperial Age
24:04 Double-Bit Axe
24:58 Bow Saw
24:51 Scale Mail Armor
25:29 Heavy Plow
26:01 Chain Mail Armor
29:15 Forging
33:22 Plate Mail Armor
33:14 Squires
k10_g15
11:14 Feudal Age
12:07 Double-Bit Axe
12:26 Horse Collar
14:56 Castle Age
15:55 Bow Saw
16:28 Heavy Plow
23:02 Wheelbarrow
23:58 Hand Cart
25:06 Gold Mining
25:12 Loom
29:33 Imperial Age
27:35 Anarchy
27:58 Squires
28:33 Scale Mail Armor
28:45 Forging
29:51 Chain Mail Armor
30:31 Perfusion
30:52 Conscription
31:12 Conscription
32:14 Iron Casting
Connection lost

Rejoining the realm…

Still unreachable

The connection could not be restored.

Session expired

The server has moved on; the page needs a fresh start.